 Dungeon Crawl Stone Soup version 0.26.1-11-gd32895ea62 (webtiles) character file.

Game seed: 7053871182240984486

133 Elvor the Sneak (level 5, 0/33 HPs)
             Began as a Gargoyle Delver on Apr 15, 2021.
             Was an Initiate of Okawaru.
             Slain by a river rat (2 damage)
             ... on level 6 of the Dungeon.
             The game lasted 00:05:10 (709 turns).

Elvor the Sneak (Gargoyle Delver)                    Turns: 709, Time: 00:05:10

Health: 0/33       AC: 10    Str: 16    XL:     5   Next: 16%
Magic:  0/5        EV:  6    Int: 11    God:    Okawaru [......]
Gold:   29         SH:  0    Dex: 11    Spells: 4/4 levels left

rFire    . . .     SeeInvis .   a - +0 mace
rCold    . . .     Faith    .   (no shield)
rNeg     + . .     Spirit   +   h - +0 scale mail {rPois}
rPois    ∞         Reflect  .   (no helmet)
rElec    +         Harm     .   (no cloak)
rCorr    .         Rampage  .   (no gloves)
Will     .....                  (no boots)
Stlth    ++........             i - amulet of guardian spirit
HPRegen  0.11/turn              (no ring)
MPRegen  0.09/turn              (no ring)

@: constricted
A: negative energy resistance 1, electricity resistance, unbreathing,
petrification resistance, miasma immunity, AC +4
a: Renounce Religion


You were on level 6 of the Dungeon.
You worshipped Okawaru.
Okawaru was noncommittal.
You visited 2 branches of the dungeon, and saw 5 of its levels.

You collected 29 gold pieces.

Inventory:

Hand Weapons
 a - a +0 mace (weapon)
Missiles
 j - 40 stones
 m - 5 poisoned darts (quivered)
Armour
 b - a +0 leather armour
 h - a +0 scale mail of poison resistance (worn)
Jewellery
 i - an amulet of guardian spirit (around neck)
Wands
 g - a wand of digging (2)
Scrolls
 c - a scroll of fog
 e - a scroll of fear
 k - a scroll of noise {unknown}
 l - a scroll of identify {unknown}
 p - a scroll of teleportation {unknown}
Potions
 f - a potion of haste
 n - a potion of invisibility {unknown}
 o - a potion of might {unknown}


   Skills:
 + Level 3.7 Fighting
 * Level 2.8 Maces & Flails
 + Level 1.1 Throwing
 + Level 0.4 Armour
 + Level 1.6 Dodging
 + Level 7.0 Stealth


You had 4 spell levels left.
You didn't know any spells.
Your spell library was empty.

Dungeon Overview and Level Annotations

Branches:
Dungeon (6/15)             Temple (1/1) D:4

Altars:
Cheibriados
Dithmenos
Elyvilon
Gozag
Hepliaklqana
Kikubaaqudgha
Makhleb
Nemelex Xobeh
Okawaru
Ru
Sif Muna
Trog
Vehumet
Wu Jian
Yredelemnul
Zin


Innate Abilities, Weirdness & Mutations

You are resistant to torment.
Your stone body is resilient. (AC +4)
You are immune to poison.
You resist negative energy. (rN+)
You are resistant to electric shocks. (rElec)
You can survive without breathing.
You are immune to petrification.
You are immune to miasma.


Message History

The river rat is severely wounded.
You hear the slow rusting of a drain.
The ball python bites you but does no damage.
The ball python constricts you.
The river rat bites you but does no damage.
The phantom blinks!
The ball python bites you but does no damage.
The ball python constricts you. The river rat bites you.
* * * LOW HITPOINT WARNING * * *
You hit the river rat.
The river rat is almost dead.
The ball python bites you but does no damage.
The ball python constricts you.
The river rat bites you but does no damage.
You hit the river rat but do no damage.
The river rat is almost dead.
The ball python bites you.
* * * LOW HITPOINT WARNING * * *
The ball python constricts you. The river rat bites you.
You die...

,,,,,,,,,,,,,*,+,,,,,,,,,,....+,,
,,,**,,,,,,,,*,#..............#,,
,,,**,,,,,,,,*,#..........^...#,,
,,,**,,,,,,,,*,*#.....#.......#,,
,,,**,,,,,,,**,##.....#.......###
,,,,,,,,,.###**#[..W..#....##...#
***,,,,,,.≈≈≈≈∩#......#....##...#
*,,,,,,..≈≈≈≈#S...!.#....##...#
*,,,,*,..≈≈≈≈r@.....'.........+
*,,,,**>..≈≈≈##.....#######...#
*******#....≈*####### #####
####***


You could see a phantom, a river rat and a ball python.

Vanquished Creatures
  A scorpion (D:4)
  A centaur zombie (D:6)
  A worker ant (D:4)
  An adder (D:4)
  A worm (D:4)
  A leopard gecko (D:3)
  An orc (D:3)
  A ball python (D:6)
  A giant cockroach (D:6)
  3 hobgoblins
  A quokka (D:4)
  A frilled lizard (D:4)
  A rat (D:6)
15 creatures vanquished.

Notes
Turn   | Place    | Note
-------+----------+-------------------------------------------
     0 | D:5      | Elvor the Gargoyle Delver began the quest for the Orb.
     0 | D:5      | Reached XP level 1. HP: 14/14 MP: 1/1
     5 | D:5      | Noticed a scorpion
    83 | D:4      | Noticed a scorpion
   105 | D:4      | Killed a scorpion
   106 | D:4      | Reached skill level 6 in Stealth
   106 | D:4      | Reached XP level 2. HP: 16/19 MP: 2/2
   106 | D:4      | Reached XP level 3. HP: 20/23 MP: 3/3
   168 | D:4      | Reached XP level 4. HP: 22/28 MP: 2/4
   227 | D:4      | Found a staircase to the Ecumenical Temple.
   233 | Temple   | Entered the Ecumenical Temple
   422 | Temple   | Became a worshipper of Warmaster Okawaru
   559 | D:4      | Noticed an ogre
   664 | D:3      | You fall into a shaft and drop 3 floors!
   676 | D:6      | Reached skill level 1 in Throwing
   676 | D:6      | Reached skill level 7 in Stealth
   676 | D:6      | Reached XP level 5. HP: 25/33 MP: 2/5
   682 | D:6      | Noticed a phantom
   709 | D:6      | Slain by a river rat

Illustrated notes

Levels and vault maps discovered:
D:3:      layout_rooms, fountainhead
D:4:      layout_rooms, minmay_temple_entry_hall, sigmund_edmund_badplayer,
          uniq_robin
D:5:      layout_rooms, nicolae_ru_awakened_eye
D:6:      layout_basic, portal_sewer_entry_b, uniq_eustachio
Temple:   kb_temple_of_zot

Skill      XL: |  1  2  3  4 |
---------------+-------------+-----
Stealth        | 6 7 |  7.0
Throwing       | 1 |  1.1
Fighting       | |  3.7
Maces & Flails | |  2.8
Armour         | |  0.4
Dodging        | |  1.6

Action                   |  1- 3 |  4- 6 || total
-------------------------+-------+-------++-------
Melee: Mace              |    15 |    55 ||    70
Throw: Dart              |    11 |     5 ||    16
Evoke: Wand              |       |     1 ||     1
  Use: Scroll            |       |     1 ||     1
 Stab: Sleeping          |       |     2 ||     2
Armor: Scale mail        |     6 |    50 ||    56
Dodge: Dodged            |     6 |    35 ||    41
